 Dungeon Crawl Stone Soup version 0.28.0-43-g3370ac3207 (webtiles) character file.

Game seed: 8953132109973775289

308 Hugehornet the Changer (level 6, -2/38 HPs)
             Began as an Octopode Transmuter on Mar 22, 2022.
             Slain by Duvessa
             ... wielding a +2 rapier of electrocution
              (4 damage)
             ... on level 4 of the Dungeon.
             The game lasted 00:09:33 (4364 turns).

Hugehornet the Changer (Octopode Transmuter)        Turns: 4364, Time: 00:09:34

Health: -2/38      AC:  2    Str: 10    XL:     6   Next: 40%
Magic:  8/10       EV: 19    Int: 23    God:
Gold:   84         SH:  0    Dex: 17    Spells: 2/11 levels left

rFire   + . .      SeeInvis .     - Unarmed
rCold   . . .      Faith    .   (shield currently unavailable)
rNeg    . . .      Spirit   .   (helmet currently unavailable)
rPois   x          Reflect  .   (no amulet)
rElec   .          Harm     .   a - ring of protection from fire
rCorr   .          Rampage  .   e - +6 ring of intelligence
Will    .....                   (no ring)
Stlth   ++........              (no ring)
HPRegen 0.12/turn               (no ring)
MPRegen 0.12/turn               (no ring)
                                (no ring)
                                (no ring)

@: spider-form
A: venomous fangs, almost no armour, (amphibious), 8 rings, tiny, (camouflage
1), (gelatinous body 1), (nimble swimmer 1), (tentacles)
a: End Transformation


You were on level 4 of the Dungeon.
You were a venomous arachnid creature.
You visited 1 branch of the dungeon, and saw 4 of its levels.

You collected 84 gold pieces.

Inventory:

Missiles
 g - 2 throwing nets
Jewellery
 a - a ring of protection from fire (left front leg)
 e - a +6 ring of intelligence (right front leg)
Scrolls
 b - 5 scrolls of identify {unknown}
 d - a scroll of magic mapping {unknown}
 f - a scroll of vulnerability {unknown}
Potions
 c - a potion of lignification {unknown}
 h - a potion of resistance {unknown}
 i - a potion of curing {unknown}
 j - a potion of heal wounds {unknown}
 k - a potion of might {unknown}


   Skills:
 - Level 1.5 Fighting
 - Level 2.5 Dodging
 - Level 2.2 Stealth
 - Level 3.3 Unarmed Combat
 * Level 3.2 Spellcasting
 * Level 3.5 Transmutations
 * Level 1.5 Ice Magic
 - Level 3.0 Poison Magic


You had 2 spell levels left.
You knew the following spells:

 Your Spells              Type           Power      Damage    Failure   Level
a - Beastly Appendage     Tmut           38%        N/A       10%         1
b - Sting                 Tmut/Pois      72%        1d6       11%         1
c - Spider Form           Tmut/Pois      18%        N/A       22%         3
d - Ice Form              Ice/Tmut       15%        N/A       61%         4

Your spell library contained the following spells:

 Spells                   Type           Power      Damage    Failure   Level
 Wereblood                Tmut           19%        N/A       13%         2
 Freeze                   Ice            40%        1d6       17%         1
 Poisonous Vapours        Pois/Air       20%        N/A       24%         2
 Animate Skeleton         Necr           6%         N/A       28%         1
 Pain                     Necr           12%        1d4       28%         1
 Frozen Ramparts          Ice            20%        1d4       38%         3
 Ozocubu's Armour         Ice            10%        N/A       38%         3
 Olgreb's Toxic Radiance  Pois           17%        N/A       54%         4
 Vampiric Draining        Necr           3%         2d6       56%         3
 Hailstorm                Conj/Ice       7%         3d4       82%         4
 Ozocubu's Refrigeration  Ice            5%         4d6       100%        7


Dungeon Overview and Level Annotations

Branches:
Dungeon (4/15)
 Temple: D:4-7

Altars:

Shops:
D:3 =

Annotations:
D:4 Dowan, Duvessa


Innate Abilities, Weirdness & Mutations

You are a venomous arachnid creature.
You have poisonous fangs.
You are tiny and dextrous.
Your spellcasting is less reliable in this form.
Your armour is entirely melded.
You are incapable of wielding weapons or throwing items.
You cannot wear most types of armour.
((You are amphibious.))
You can wear up to eight rings at the same time.
((Your skin changes colour to match your surroundings (Stealth+).))
((Your rubbery body absorbs attacks. (AC +1, EV +1)))
((You are camouflaged when in or above water. (Stealth+)))
((You have tentacles for arms and can constrict up to eight enemies at once.))


Message History

Done waiting.
Casting: Beastly Appendage (safe; 2% risk of failure)
Confirm with . or Enter, or press ? or * to list all spells.
Okay, then.
Unknown command.
Okay, then.
Unknown command.
Unknown command.
Casting: Beastly Appendage (safe; 2% risk of failure)
Confirm with . or Enter, or press ? or * to list all spells.
You turn into a venomous arachnid creature.
Duvessa shouts!
Dowan shouts!
Dowan barely misses you.
You barely miss Dowan. Dowan misses you.
You hit Dowan.
Dowan is lightly wounded.
Dowan hits you with a +0 dagger.
You closely miss Dowan.
Dowan is lightly wounded.
Dowan hits you with a +0 dagger.
You barely miss Dowan.
Dowan is lightly wounded.
Dowan hits you with a +0 dagger.
You closely miss Dowan.
Dowan is lightly wounded.
Dowan gestures at Duvessa while chanting.
Duvessa seems to speed up.
You closely miss Dowan.
Dowan is lightly wounded.
You hit Duvessa.
Duvessa is poisoned.
Duvessa is lightly wounded.
You hit Duvessa.
Duvessa looks as sick as possible!
Duvessa is lightly wounded.
Duvessa says, "I don't care about looks, I care about technique!"
Duvessa hits you with a +2 rapier of electrocution! x2
* * * LOW HITPOINT WARNING * * *
You hit Duvessa but do no damage.
Duvessa looks as sick as possible!
Duvessa is lightly wounded.
Duvessa hits you with a +2 rapier of electrocution.
You die...

.....###########....#####
)......................>#
......########.#....###.#
...............#....### #
.......#######.###....#
###....## #.###....#
#.....# #.#......#
#...#.## #.#.#....#
#...#..# #.#s#....#
#...##.## #.#e#....#
######..# #.#e#....# ##.#
#.#.###.## #.# #.#.# .#
#.# #.#.# .. #.## #.#.#
... #..# #.#.# ##.###.#


You could see Duvessa (fast, extremely poisoned) and Dowan.

Vanquished Creatures
  A bullfrog (D:3)
  A water moccasin zombie (D:3)
  3 hounds
  3 adders
  A worm (D:2)
  3 dart slugs
  4 orcs (D:3)
  7 ball pythons
  6 endoplasms
  2 giant cockroaches
  5 goblins
  3 hobgoblins (D:1)
  6 kobolds
  3 bats
  A frilled lizard (D:1)
  6 rats
55 creatures vanquished.

Vanquished Creatures (others)
  2 fungi (D:2)
  A plant (D:2)
3 creatures vanquished.

Grand Total: 58 creatures vanquished

Notes
Turn   | Place    | Note
-------+----------+-------------------------------------------
     0 | D:1      | Hugehornet the Octopode Transmuter began the quest for the
                  | Orb.
     0 | D:1      | Reached XP level 1. HP: 13/13 MP: 3/3
   166 | D:1      | Reached XP level 2. HP: 18/18 MP: 5/5
   172 | D:1      | Learned a level 1 spell: Sting
   990 | D:1      | Reached skill level 1 in Stealth
   990 | D:1      | Reached XP level 3. HP: 20/23 MP: 4/6
   994 | D:1      | Learned a level 3 spell: Spider Form
  1515 | D:2      | Reached skill level 1 in Poison Magic
  1814 | D:2      | Reached XP level 4. HP: 21/28 MP: 5/7
  2202 | D:2      | Found a faded altar of an unknown god.
  3109 | D:3      | Noticed a bullfrog
  3121 | D:3      | Killed a bullfrog
  3122 | D:3      | Reached XP level 5. HP: 24/33 MP: 7/9
  3270 | D:3      | Learned a level 4 spell: Ice Form
  3582 | D:3      | Reached skill level 1 in Ice Magic
  3582 | D:3      | Reached XP level 6. HP: 33/38 MP: 8/10
  3642 | D:3      | Found Byodd's Jewellery Emporium.
  4237 | D:4      | Noticed Duvessa
  4237 | D:4      | Noticed Dowan
  4364 | D:4      | Slain by Duvessa

Illustrated notes

Levels and vault maps discovered:
D:1:      dpeg_arrival_round_a, layout_basic
D:2:      layout_basic, shapermc_ecumenical_altar_acropolis,
          nicolae_figureground_pulse
D:3:      layout_loops_corners, serial_shops, shop, nrook_loot_triangle
D:4:      layout_basic, nicolae_overflow_hidden_temple, uniq_duvessa

Skill      XL: |  1  2  3  4  5  6 |
---------------+-------------------+-----
Stealth        | 1 2 |  2.2
Poison Magic   | 1 2 3 |  3.0
Transmutations | 3 |  3.5
Spellcasting   | 3 |  3.2
Ice Magic      | 1 |  1.5
Fighting       | |  1.5
Dodging        | |  2.5
Unarmed Combat | |  3.3

Action                   |  1- 3 |  4- 6 || total
-------------------------+-------+-------++-------
Melee: Unarmed           |    57 |    71 ||   128
       Constrict         |    15 |    17 ||    32
       Tentacles         |    15 |    10 ||    25
       Kick              |     9 |    21 ||    30
       Punch             |     1 |     2 ||     3
 Cast: Beastly Appendage |    11 |    21 ||    32
       Sting             |     2 |     7 ||     9
       Spider Form       |       |     1 ||     1
 Stab: Sleeping          |     5 |     8 ||    13
Armor: Skin              |     3 |     3 ||     6
Dodge: Dodged            |    29 |    36 ||    65
